 Dungeon Crawl Stone Soup version 0.19.3-1-g3169bf9 (webtiles) character file.

474 TryAgain the Magician (level 6, -8/32 HPs)
             Began as a Deep Elf Ice Elementalist on Jan 25, 2017.
             Killed by divine providence
             ... invoked by an orc priest
              (10 damage)
             ... on level 4 of the Dungeon.
             The game lasted 00:11:59 (3676 turns).

TryAgain the Magician (Deep Elf Ice Elementalist)   Turns: 3676, Time: 00:12:00

Health: -8/32      AC:  4    Str:  5    XL:     6   Next: 84%
Magic:  23/25      EV: 14    Int: 22    God:
Gold:   116        SH:  0    Dex: 15    Spells: 3 memorised, 8 levels left

rFire  . . .     SeeInvis .     d - +0 hand axe
rCold  . . .     Gourm    .     h - +0 leather armour
rNeg   . . .     Faith    .     (no shield)
rPois  .         Spirit   .     (no helmet)
rElec  .         Reflect  .     (no cloak)
rCorr  .         Harm     .     p - +0 pair of gloves
MR     .....                    (no boots)
Stlth  ++........               (no amulet)
                                (no ring)
                                e - ring of magical power

@: no status effects
A: no striking features
a: no special abilities


You were on level 4 of the Dungeon.
You were not hungry.

You visited 1 branch of the dungeon, and saw 4 of its levels.

You collected 116 gold pieces.

Inventory:

Hand Weapons
 d - a +0 hand axe (weapon)
 y - the +8 quarterstaff of the Evil Eye {crush, Dex+3, unknown}
   (You found it on level 4 of the Dungeon)

   It inflicts extra damage upon your enemies.
   It affects your dexterity (+3).
Missiles
 o - 6 tomahawks of dispersal (quivered)
 r - 13 poisoned needles
Armour
 a - a +0 buckler
 h - a +0 leather armour (worn)
 p - a +0 pair of gloves (worn)
 q - a +0 ring mail
Jewellery
 e - a ring of magical power (left hand)
 t - an uncursed amulet of harm {unknown}
Scrolls
 g - a scroll of fear {unknown}
 v - a scroll of random uselessness {unknown}
 w - a scroll of recharging {unknown}
Potions
 f - 2 potions of invisibility
 i - 4 potions of mutation
 j - 2 potions of lignification
 k - 2 potions of cancellation
 l - a potion of agility {unknown}
 m - 2 potions of berserk rage {unknown}
 n - a potion of degeneration {unknown}
 s - a potion of magic {unknown}
 u - a potion of flight {unknown}
Books
 b - a book of Frost

   Spells                             Type                      Level
   a - Freeze                         Ice                          1
   b - Throw Frost                    Conjuration/Ice              2
   c - Ozocubu's Armour               Charms/Ice                   3
   d - Throw Icicle                   Conjuration/Ice              4
   e - Summon Ice Beast               Ice/Summoning                4
Comestibles
 c - a bread ration
 x - a beef jerky


   Skills:
 + Level 5.1 Dodging
 - Level 2.4 Stealth
 + Level 5.5 Spellcasting
   Level 1.1 Conjurations
 + Level 4.0 Charms
 + Level 5.3 Ice Magic


You had 8 spell levels left.
You knew the following spells:

 Your Spells              Type           Power        Failure   Level  Hunger
a - Freeze                Ice            ####         1%          1    None
b - Ozocubu's Armour      Chrm/Ice       ####....     10%         3    ##.....
c - Summon Ice Beast      Ice/Summ       ###.....     56%         4    ####...


Dungeon Overview and Level Annotations

Branches:
Dungeon (4/15)
 Temple: D:4-7

Altars:
Cheibriados
Trog


Message History

The gnoll is moderately wounded.
The gnoll closely misses you. The gnoll completely misses you.
Casting: Freeze
Confirm with . or Enter, or press ? or * to list all spells.
Aiming: Freeze
Press: ? - help, Shift-Dir - straight line, f/p - gnoll
Aim: a gnoll, wielding a club (moderately wounded)
You freeze the gnoll.
The gnoll is almost dead.
The orc priest invokes the aid of Beogh against you.
Beogh smites you! The gnoll barely misses you.
The gnoll hits you from afar with a spear.
Okay, then.
You see here 16 stones.
The orc priest invokes the aid of Beogh against you.
Beogh smites you!
* * * LOW HITPOINT WARNING * * *
The orc priest calls down the wrath of Beogh upon you.
Beogh smites you!
You die...

##.#...###....# ###.
#....o).'....# #...
.######....###....# ###.##
..........## #....# #...#
..........# #.#o## #.###
o..............# #g#.#####.#
..!..##<......# #.....[.#.# ##
o............######o###.#.# #.
#............@g.g...# #...# #.
#...................# ##### #.
#...................# #.
#...........#..####.###### #.
#...........##.# #.#....# #.
#...........##.# ##.#....# ##
#...........##.###..'....#
####(..........##..##..#....#
...............###.##..#....#####


You could see an orc priest and 2 gnolls.

Vanquished Creatures
  A howler monkey (D:4)
  2 orc priests (D:3)
  Jessica (D:2)
  4 orc wizards (D:4)
  An iguana (D:4)
  2 worker ants (D:4)
  A hound skeleton (D:4)
  6 adders
  2 worms
  A dart slug (D:1)
  2 leopard geckos
  14 orcs
  3 giant cockroaches
  6 goblins
  7 hobgoblins
  8 jackals
  5 kobolds
  3 quokkas
  4 bats
  4 frilled lizards
  A leopard gecko skeleton (D:4)
  21 rats
99 creatures vanquished.

Notes
Turn   | Place    | Note
-------+----------+-------------------------------------------
     0 | D:1      | TryAgain the Deep Elf Ice Elementalist began the quest for the Orb.
     0 | D:1      | Reached XP level 1. HP: 10/10 MP: 6/6
   342 | D:1      | Reached XP level 2. HP: 13/15 MP: 8/8
   884 | D:1      | Reached XP level 3. HP: 13/19 MP: 10/10
  1203 | D:2      | Learned a level 3 spell: Ozocubu's Armour
  1232 | D:2      | Noticed Jessica
  1249 | D:2      | Killed Jessica
  1249 | D:2      | Reached skill level 1 in Charms
  1249 | D:2      | Reached XP level 4. HP: 19/24 MP: 12/12
  1831 | D:3      | Reached XP level 5. HP: 17/28 MP: 13/13
  1993 | D:3      | Found a bloodstained altar of Trog.
  2217 | D:3      | Found a snail-covered altar of Cheibriados.
  2485 | D:4      | Reached skill level 5 in Spellcasting
  2485 | D:4      | Reached skill level 5 in Ice Magic
  2485 | D:4      | Reached XP level 6. HP: 7/32 MP: 15/15
  2489 | D:4      | Got a transparent quarterstaff
  2849 | D:4      | Learned a level 4 spell: Summon Ice Beast
  3257 | D:4      | Reached skill level 5 in Dodging
  3675 | D:4      | HP: 1/32 [orc priest/divine providence (13)]
  3676 | D:4      | Killed from afar by an orc priest

Skill      XL: |  1  2  3  4  5  6 |
---------------+-------------------+-----
Dodging        | 3 4 5 |  5.1
Spellcasting   | 4 5 |  5.5
Charms         | 1 3 4 |  4.0
Ice Magic      | 4 5 |  5.3
Stealth        | |  2.4
Conjurations   | |  1.1

Action                   |  1- 3 |  4- 6 || total
-------------------------+-------+-------++-------
Melee: Hand axe          |    45 |    66 ||   111
 Cast: Freeze            |    40 |   106 ||   146
  Use: Scroll            |       |     4 ||     4
 Stab: Distracted        |     1 |       ||     1
       Sleeping          |       |     5 ||     5
  Eat: Chunk             |       |     4 ||     4
       Meat ration       |       |     1 ||     1
Armor: Robe              |    10 |       ||    10
       Leather armour    |    14 |    34 ||    48
Dodge: Dodged            |    58 |   114 ||   172
